 Dungeon Crawl Stone Soup version 0.32-a0-908-g8e5f33bbaa (webtiles) character file.

Game seed: 8167444675331486531

105 gouglew the Changeling (level 4, 0/21 HPs)
             Began as a Spriggan Shapeshifter on Apr 6, 2024.
             Slain by a black bear (3 damage)
             ... on level 2 of the Dungeon.
             The game lasted 00:06:37 (2011 turns).

gouglew the Changeling (Spriggan Shapeshifter)      Turns: 2011, Time: 00:06:38

Health: 0/21       AC:  2    Str: 10    XL:     4   Next: 53%
Magic:  5/5        EV: 16    Int: 11    God:
Gold:   104        SH:  0    Dex: 16    Spells: 3/3 levels left

rFire   . .          .
                       - Unarmed
rCold   . . .        (no shield)
rNeg    . . .        a - +0 animal skin
rPois   .            (helmet currently unavailable)
rElec   .            (cloak currently unavailable)
rCorr   .            (gloves unavailable)
SInv    +            (boots unavailable)
Will    .....        (no amulet)
Stlth   ++           (no ring)
HPRegen 0.23/turn    (no ring)
MPRegen 0.09/turn

%: no passive effects
@: beast-form, very quick
A: beast (slay +3), very small, no large weapons, unfitting armour, see
invisible, speed 3
a: Begin Untransformation


You were on level 2 of the Dungeon.
You were a hulking beast.
You visited 1 branch of the dungeon, and saw 3 of its levels.

You collected 104 gold pieces.

Inventory:

Hand Weapons
 n - a +2 rapier of electrocution
Armour
 a - a +0 animal skin (worn)
Talismans
 c - a beast talisman (active)
 d - a flux talisman
Scrolls
 f - a scroll of fog {unknown}
 h - 2 scrolls of teleportation {unknown}
 i - a scroll of noise {unknown}
 j - a scroll of identify {unknown}
 k - a scroll of revelation {unknown}
 l - a scroll of brand weapon {unknown}
 p - a scroll of immolation {unknown}
Potions
 b - a potion of lignification
 e - 2 potions of curing {unknown}
 g - a potion of might {unknown}
 m - a potion of berserk rage {unknown}


   Skills:
 - Level 0.7 Fighting
 - Level 2.6 Dodging
 + Level 2.8 Stealth
 * Level 3.3 Unarmed Combat
 * Level 5.2 Shapeshifting


You had 3 spell levels left.
You didn't know any spells.
Your spell library was empty.

Dungeon Overview and Level Annotations

Branches:
Dungeon (3/15)

Altars:

Annotations:
D:2 Sigmund


Innate Abilities, Weirdness & Mutations

You are a hulking beast.
Your limbs bulge with bestial killing power. (Slay +3)
You are very small and have problems with some larger weapons.
You are too small for most types of armour.
You have supernaturally acute eyesight. (SInv)
You cover ground extremely quickly. (Speed+++)


Message History

Aim: a black bear (heavily wounded, poisoned, 68% to hit)
You throw a poisoned dart. The poisoned dart hits the black bear.
The black bear looks even sicker.
The black bear is heavily wounded.
The kobold throws a stone.
The stone closely misses you.
You see here a poisoned dart.
o - a poisoned dart Throw: dart (poison)
Press: ? - help, Q - select action Shift-Dir - straight line, f/p - black bear
Aim: a black bear (severely wounded, very poisoned, 68% to hit)
You throw a poisoned dart.
The poisoned dart closely misses the black bear.
The black bear goes berserk!
The kobold throws a stone.
The stone closely misses you.
The kobold throws a stone.
The stone closely misses you.
You see here a +0 short sword.
The black bear looks more healthy.
The black bear rages.
You see here a poisoned dart.
You see here a poisoned dart.
You see here a poisoned dart.
You see here a poisoned dart.
You see here a poisoned dart.
The black bear rages.
The black bear rages.
You see here a scroll labelled ANGOPLIOTU.
The kobold shouts!
The black bear is no longer berserk.
The black bear bites you. The black bear claws you.
* * * LOW HITPOINT WARNING * * *
The black bear claws you but does no damage.
You hit the black bear.
The black bear is almost dead.
You hit the black bear.
The black bear is almost dead.
The kobold throws a stone.
The stone barely misses you. The black bear barely misses you.
The black bear claws you.
* * * LOW HITPOINT WARNING * * *
The black bear claws you.
You die...

#.#...#.##............#
#.#...................##
#..............######..#
##.....#.#......#....#..###
###...........((.............
.......................#.....
###.##..#........#.......###
#..g##..#.>..............##
#.#.##..#..h.....#.##.#...#
#.........h?...K...##K#.#.#
###.##.........#...##.#.#.##
#.#.......................
#.##..#.#...........#....)
#.##..#.##.#.#.#.##.#.#.##
######.##..#.##.#.#.#.##...#.##
...............(((((............
######...............)..........


You could see a black bear (slow) and a kobold.

Vanquished Creatures
  Robin (D:1)
  2 adders
  5 ribbon worms
  An orc (D:3)
  5 endoplasms
  15 goblins
  6 hobgoblins
  3 kobolds
  2 quokkas
  5 ball pythons
  5 bats
  2 frilled lizards (D:1)
  6 rats (D:1)
58 creatures vanquished.

Notes
Turn   | Place    | Note
-------+----------+-------------------------------------------
     0 | D:1      | gouglew the Spriggan Shapeshifter began the quest for the
                  | Orb.
     0 | D:1      | Reached XP level 1. HP: 9/9 MP: 2/2
    59 | D:1      | Reached skill level 1 in Stealth
    70 | D:1      | Reached XP level 2. HP: 11/14 MP: 3/3
   495 | D:2      | Reached XP level 3. HP: 8/17 MP: 4/4
   562 | D:2      | Noticed Robin
   697 | D:1      | Killed Robin
  1021 | D:2      | Reached skill level 5 in Shapeshifting
  1021 | D:2      | Reached XP level 4. HP: 14/21 MP: 5/5
  1175 | D:2      | Noticed Sigmund
  1412 | D:3      | Noticed a black bear
  2011 | D:2      | Slain by a black bear

Illustrated notes

Levels and vault maps discovered:
D:1:      shiori_arrival_oz, layout_rooms
D:2:      layout_basic, uniq_robin, uniq_sigmund
D:3:      cheibrodos_helix_gallery, layout_loops_ring, fedhas_altar_1

Skill      XL: |  1  2  3 |
---------------+----------+-----
Stealth        | 1 2 |  2.8
Unarmed Combat | 3 |  3.3
Shapeshifting  | 5 |  5.2
Fighting       | |  0.7
Dodging        | |  2.6

Action                     |  1- 3 |  4- 6 || total
---------------------------+-------+-------++-------
  Melee: Unarmed           |    98 |    62 ||   160
         Punch             |     2 |     1 ||     3
  Throw: Dart              |       |    13 ||    13
   Stab: Sleeping          |     4 |     5 ||     9
         Distracted        |       |     1 ||     1
 Armour: Animal skin       |    48 |    42 ||    90
  Dodge: Dodged            |    77 |    72 ||   149

Table legend: (Time is in decaauts)
 A = Elapsed time spent in this place.
 B = Non-inter-level travel time spent in this place.
 C = Inter-level travel time spent in this place.
 D = Time resting spent in this place.
 E = Time spent auto-exploring this place.
 F = Levels seen in this place.
 G = Mean time per level.
                   A        B        C        D        E       F      G
               +--------+--------+--------+--------+--------+-----+--------+
         Total |   1511 |   1472 |     39 |    438 |    514 |   3 |  503.7 |
       Dungeon |   1511 |   1472 |     39 |    438 |    514 |   3 |  503.7 |
               +--------+--------+--------+--------+--------+-----+--------+

Top non-repeatable levels by time:
     D:2: 684 daAuts
     D:1: 648 daAuts
     D:3: 179 daAuts
